 Dungeon Crawl Stone Soup version 0.24.0-13-gcf9b319 (webtiles) character file.

Game seed: 6496839317668726974, levelgen mode: deterministic

2235 Bronimir the Slasher (level 9, -1/70 HPs)
             Began as a Centaur Warper on Mar 31, 2020.
             Was a Follower of Okawaru.
             Slain by an ogre
             ... wielding a +0 giant club
              (13 damage)
             ... on level 7 of the Dungeon.
             The game lasted 00:19:55 (10148 turns).

Bronimir the Slasher (Centaur Warper)              Turns: 10148, Time: 00:19:56

Health: -1/70      AC: 12    Str: 22    XL:     9   Next: 14%
Magic:  10/11      EV:  9    Int: 15    God:    Okawaru [*.....]
Gold:   381        SH:  0    Dex:  9    Spells: 1/11 levels left

rFire    . . .     SeeInvis .   a - +0 falchion
rCold    . . .     Gourm    .   (no shield)
rNeg     . . .     Faith    .   o - +3 ring mail of the Pleiades {Str+5 Int+3 Stlth+}
rPois    .         Spirit   .   x - +2 helmet
rElec    .         Reflect  .   (no cloak)
rCorr    .         Harm     .   (no gloves)
MR       +....                  (no barding)
Stlth    +.........             s - amulet of rage
HPRegen  0.21/turn              q - ring of protection from magic
MPRegen  0.12/turn              (no ring)

@: about to teleport, berserk cooldown, slowed
A: large, hooves 3, deformed body, speed 2, tough skin 3
a: Heroism, Renounce Religion, Evoke Berserk Rage


You were on level 7 of the Dungeon.
You worshipped Okawaru.
Okawaru was aware of your devotion.
You were near starving.

You visited 2 branches of the dungeon, and saw 8 of its levels.

You collected 381 gold pieces.

Inventory:

Hand Weapons
 a - a +0 falchion (weapon)
 c - a +0 hand axe
 p - a +0 spear
 t - a +2 flail of protection
 w - a +0 trident of protection
 A - a +0 trident
 C - a +0 dagger of electrocution
 G - a +0 battleaxe
Missiles
 e - 7 poisoned darts
 j - 34 sling bullets
 l - 169 stones
 v - 70 arrows
 y - 50 bolts
 H - 3 boomerangs
 I - 5 javelins (quivered)
Armour
 b - a +3 leather armour
 h - a +0 shield
 o - the +3 ring mail of the Pleiades (worn) {Str+5 Int+3 Stlth+}
   (You found it on level 4 of the Dungeon)

   It affects your strength (+5).
   It affects your intelligence (+3).
   It makes you more stealthy.
 x - a +2 helmet (worn)
Jewellery
 q - a ring of protection from magic (left hand)
 r - a +2 ring of intelligence {unknown}
 s - an amulet of rage (around neck)
Wands
 B - a wand of disintegration (7)
 F - a wand of paralysis (6)
Scrolls
 d - 6 scrolls of blinking
 g - 7 scrolls of identify
 m - 2 scrolls of teleportation
 n - 4 scrolls of remove curse
 z - a scroll of enchant armour
 D - 2 scrolls of fog {unknown}
 K - a scroll of amnesia {unknown}
Potions
 i - 2 potions of curing
 k - a potion of cancellation {unknown}
 u - 2 potions of heal wounds {unknown}
 E - a potion of invisibility {unknown}
 J - a potion of brilliance
Comestibles
 f - 8 rations


   Skills:
 + Level 3.4 Fighting
 * Level 6.3 Long Blades
 + Level 1.9 Throwing
 + Level 3.3 Armour
 + Level 3.0 Dodging
 * Level 2.7 Shields
 + Level 1.9 Spellcasting
 + Level 0.9 Charms
 * Level 5.1 Translocations
 * Level 2.0 Invocations
 + Level 2.5 Evocations


You had one spell level left.
You knew the following spells:

 Your Spells              Type           Power        Failure   Level  Hunger
a - Blink                 Tloc           N/A          6%          2    ###....
b - Shroud of Golubria    Chrm/Tloc      ##....       16%         2    ###....
c - Gell's Gravitas       Tloc           ###.......   13%         3    ####...
d - Lesser Beckoning      Tloc           ###.......   13%         3    ####...

Your spell library contained the following spells:

 Spells                   Type           Power        Failure   Level  Hunger
 Teleport Other           Tloc           ###.....     13%         3    ####...
 Passage of Golubria      Tloc           N/A          38%         4    #####..


Dungeon Overview and Level Annotations

Branches:
Dungeon (7/15)             Temple (1/1) D:5

Altars:
Ashenzari
Cheibriados
Dithmenos
Elyvilon
Gozag
Hepliaklqana
Kikubaaqudgha
Makhleb
Nemelex Xobeh
Okawaru
Qazlal
Ru
Sif Muna
Trog
Uskayaw
Vehumet
Wu Jian
Xom
Yredelemnul
Zin
The Shining One


Innate Abilities, Weirdness & Mutations

You have hooves in place of feet.
Armour fits poorly on your strangely shaped body.
You cover ground very quickly.
You have extremely tough skin. (AC +3)


Message History

Found a throwing net and 5 rations.
An ogre is nearby!
You hit the ogre but do no damage. Your kick misses the ogre.
The ogre hits you with a +0 giant club!!
You hit the ogre.
The ogre is lightly wounded.
The ogre hits you with a +0 giant club!!
You are too injured to fight recklessly!
You are too injured to fight recklessly!
Casting: Shroud of Golubria (safe; 16% risk of failure)
Confirm with . or Enter, or press ? or * to list all spells.
Space distorts slightly along a thin shroud covering your body.
The ogre hits you with a +0 giant club!
* * * LOW HITPOINT WARNING * * *
The ogre hits you with a +0 giant club!
* * * LOW HITPOINT WARNING * * *
Your shroud falls apart!
As you read the scroll of teleportation, it crumbles to dust.
You feel strangely unstable. The ogre hits you with a +0 giant club!
You die...

..........##%%÷#
.............##.☼÷#
.............##%(.#
.............###.#
............##.##
#.........###.#
#.........##.##
#...........÷.#
#..@O........##
#..........###
############


You could see an ogre.

Vanquished Creatures
  A hungry ghost (D:7)
  Menkaure (D:4)
  Edmund (D:4)
  A water moccasin (D:6)
  A phantom (D:7)
  2 orc warriors
  An ogre (D:6)
  2 bullfrogs
  4 crimson imps
  2 howler monkeys (D:7)
  3 hounds
  3 orc priests
  10 orc wizards
  2 jellies
  2 bullfrog skeletons (D:5)
  7 worker ants
  2 killer bee zombies
  A hound skeleton (D:5)
  A hound zombie (D:5)
  Robin (D:3)
  4 gnolls (D:3)
  7 adders
  4 shadow imps (D:5)
  2 oozes (D:5)
  An adder zombie (D:7)
  An adder skeleton (D:5)
  3 worms
  4 dart slugs
  8 leopard geckos
  24 orcs
  A ball python (D:3)
  4 giant cockroaches
  18 goblins
  7 hobgoblins
  10 jackals
  6 kobolds
  A quokka (D:4)
  6 bats
  6 frilled lizards
  2 jackal skeletons
  A leopard gecko skeleton (D:6)
  5 rats
173 creatures vanquished.

Notes
Turn   | Place    | Note
-------+----------+-------------------------------------------
     0 | D:1      | Bronimir the Centaur Warper began the quest for the Orb.
     0 | D:1      | Reached XP level 1. HP: 17/17 MP: 3/3
   191 | D:1      | Reached skill level 2 in Long Blades
   192 | D:1      | Reached XP level 2. HP: 24/24 MP: 4/4
   538 | D:1      | Learned a level 2 spell: Blink
   541 | D:1      | Learned a level 2 spell: Shroud of Golubria
  1002 | D:2      | Reached XP level 3. HP: 10/29 MP: 5/5
  1329 | D:2      | Reached skill level 1 in Armour
  2139 | D:2      | Reached XP level 4. HP: 32/37 MP: 6/6
  2306 | D:2      | Reached skill level 3 in Long Blades
  2306 | D:2      | Reached skill level 1 in Shields
  2819 | D:3      | Noticed a bullfrog
  2824 | D:3      | Noticed Robin
  2840 | D:3      | Killed a bullfrog
  2840 | D:3      | Reached XP level 5. HP: 19/42 MP: 7/7
  3034 | D:3      | Killed Robin
  3235 | D:3      | Found a sacrificial altar of Ru.
  4117 | D:3      | Reached XP level 6. HP: 34/50 MP: 8/8
  4128 | D:3      | Learned a level 3 spell: Gell's Gravitas
  4388 | D:3      | Found a faded altar of an unknown god.
  4974 | D:4      | Noticed Menkaure
  4994 | D:5      | Entered Level 5 of the Dungeon
  5669 | D:4      | Reached skill level 4 in Long Blades
  5685 | D:4      | Got a dazzling ring mail
  5696 | D:4      | Identified the +3 ring mail of the Pleiades {Str+5 Int+3
                  | Stlth+} (You found it on level 4 of the Dungeon)
  5945 | D:4      | Killed Menkaure
  6051 | D:4      | Noticed Edmund
  6107 | D:4      | Killed Edmund
  6107 | D:4      | Reached XP level 7. HP: 27/56 MP: 1/9
  6276 | D:4      | You fall into a shaft and drop 2 floors!
  6288 | D:6      | Reached skill level 1 in Evocations
  7151 | D:5      | Reached XP level 8. HP: 63/63 MP: 10/10
  7505 | D:4      | Reached skill level 5 in Long Blades
  8440 | D:5      | Found a staircase to the Ecumenical Temple.
  8460 | Temple   | Entered the Ecumenical Temple
  8622 | Temple   | Became a worshipper of Warmaster Okawaru
  8774 | D:5      | Learned a level 3 spell: Lesser Beckoning
  9182 | D:6      | Found a glowing golden altar of the Shining One.
  9554 | D:7      | Reached skill level 1 in Invocations
  9582 | D:7      | Reached skill level 6 in Long Blades
  9610 | D:7      | Reached * piety under Okawaru
  9649 | D:7      | Reached XP level 9. HP: 19/70 MP: 6/11
  9900 | D:7      | Reached skill level 5 in Translocations
 10085 | D:7      | Found a shattered altar of Ashenzari.
 10148 | D:7      | Slain by an ogre

Levels and vault maps discovered:
D:1:      lemuel_arrival_rhombus, layout_basic
D:2:      layout_loops_corners
D:3:      layout_basic, lemuel_doored_altar, chequers_ecumenical_altar_twisty,
          serial_bayou_pond_d, uniq_robin
D:4:      layout_gridville, first_ration, grunt_decor_arrowhead, uniq_edmund,
          uniq_menkaure
D:5:      layout_basic, temple_green, minivault_23,
          minmay_fractal_squares_diagonal_5
D:6:      layout_rooms, kennysheep_mini
D:7:      layout_basic, lemuel_crystal_altar, grunt_ogre_cave
Temple:   regret_index_temple_mists

Skill      XL: |  1  2  3  4  5  6  7  8  9 |
---------------+----------------------------+-----
Long Blades    | 2 3 4 6 |  6.3
Armour         | 1 2 3 |  3.3
Shields        | 1 2 |  2.7
Translocations | 3 4 5 |  5.1
Dodging        | 2 3 |  3.0
Evocations     | 2 |  2.5
Fighting       | 3 |  3.4
Invocations    | 1 2 |  2.0
Throwing       | |  1.9
Spellcasting   | |  1.9
Charms         | |  0.9

Action                   |  1- 3 |  4- 6 |  7- 9 || total
-------------------------+-------+-------+-------++-------
Melee: Falchion          |   109 |   242 |   437 ||   788
       Kick              |    13 |    70 |   103 ||   186
Throw: Boomerang         |     4 |     1 |       ||     5
       Dart              |       |    20 |    11 ||    31
       Javelin           |       |       |     5 ||     5
 Cast: Shroud of Golubri |       |     5 |    15 ||    20
       Blink             |       |     1 |       ||     1
       Gell's Gravitas   |       |       |     1 ||     1
 Abil: Evoke Berserk Rag |       |       |     2 ||     2
  Use: Potion            |     2 |     5 |     3 ||    10
       Scroll            |       |     6 |     2 ||     8
  Eat: Chunk             |     3 |    11 |    13 ||    27
       Ration            |       |       |     2 ||     2
Armor: Leather armour    |    39 |    66 |       ||   105
       Ring mail         |       |    32 |   218 ||   250
Dodge: Dodged            |    34 |    69 |   184 ||   287
Block: Shield            |    40 |    73 |       ||   113
       Rpst.: Falchion   |    11 |    23 |    52 ||    86
